[Event "*** Titled Tuesday Blitz"]
[Site "Chess.com"]
[Date "2019.06.04"]
[Round "6"]
[White "Rish_97"]
[Black "ehrenfeld"]
[Result "1-0"]
[WhiteElo "2474"]
[BlackElo "2495"]
[TimeControl "180+2"]
[EndTime "14:19:17 PDT"]
[Termination "Rish_97 won by resignation"]

1. e4 e5 2. Nf3 Nc6 3. Bc4 Nf6 4. d3 Be7 5. O-O O-O 6. a4 d6 7. Re1 Be6 8. Nbd2 Qd7 9. c3 h6 10. Bxe6 fxe6 11. b4 a6 12. Nf1 Nh5 13. Rb1 Nf4 14. b5 axb5 15. axb5 Nd8 16. g3 Nh3+ 17. Kg2 Ng5 18.
Bxg5 Bxg5 19. Nxg5 hxg5 20. Ne3 Qf7 21. Qe2 Qg6 22.
b6 c6 23. Ra1 Nf7 24. Ra7 Rab8 25. f3 d5 26. Ng4 Rfe8 27. Rea1 Red8 28. R1a2 Re8 29.
Qe3 Red8 30. Qe2 Re8 31. R7a3 Qh5 32. f4 Qg6 33. fxe5 dxe4 34. d4 c5 35. dxc5 Rec8 36.
Ra5 Qf5 37. R2a4 Nxe5 38. Nxe5 Qxe5 39. Qxe4 Rxc5 40. Qxe5 Rxe5 41. Rxe5 1-0

[Event "*** Titled Tuesday Blitz"]
[Site "Chess.com"]
[Date "2019.06.04"]
[Round "6"]
[White "saraswathii"]
[Black "matiss90"]
[Result "0-1"]
[WhiteElo "2316"]
[BlackElo "2453"]
[TimeControl "180+2"]
[EndTime "14:19:21 PDT"]
[Termination "matiss90 won by checkmate"]

1. d4 Nf6 2. Bf4 g6 3. e3 d6 4. Nf3 Bg7 5. Be2 O-O 6. h3 Nfd7 7. O-O e5 8. Bg3 e4 9. Nfd2 f5 10. c4 Nc6 11. Nc3 Kh8 12. Qb3 a5 13. a3 Nf6 14.
Nb5 Bd7 15. f3 exf3 16. Bxf3 Re8 17. Rfe1 a4 18. Qc2 Na5 19. Qxa4 Ne4 20. Bxe4 fxe4 21. Qc2 Rc8 22. Nc3 c5 23. d5 Bf5 24. Nb5 Be5 25.
Bxe5+ Rxe5 26. b4 Bxh3 27. bxa5 Bxg2 28. Re2 Bf3 29. Nxf3 exf3 30. Rh2 Qg5+ 31. Kh1 Rf8 32.
Rg1 Qe7 33. Qxg6 f2 34. Rf1 Rg5 35. Qd3 Qg7 36. Rxh7+ Qxh7+ 37. Qxh7+ Kxh7 38. Nxd6 Rf6 39. Ne4 Rh6# 0-1

[Event "*** Titled Tuesday Blitz"]
[Site "Chess.com"]
[Date "2019.06.04"]
[Round "6"]
[White "RU_B9"]
[Black "CzechmVIII"]
[Result "1/2-1/2"]
[WhiteElo "2046"]
[BlackElo "2079"]
[TimeControl "180+2"]
[EndTime "14:19:21 PDT"]
[Termination "Game drawn by repetition"]

1. c4 Nf6 2. Nc3 c5 3. Nf3 b6 4.
e3 g6 5. Be2 Bg7 6. O-O Bb7 7. d4 O-O 8. d5 d6 9. e4 e6 10. h3 exd5 11. exd5 Re8 12. Bg5 h6 13. Bh4 a6 14. Qd2 Nbd7 15. a4 Ne5 16. Nxe5 Rxe5 17. Rfe1 Qf8 18. Bf3 Rae8 19. Bg3 Rxe1+ 20. Rxe1 Rxe1+ 21. Qxe1 Nd7 22. Qe3 Ne5 23. Be2 f5 24. Kf1 Kh7 25. f4 Nf7 26. Qe6 Bc8 27. Qe3 Bd7 28. Bd3 Qe8 29. Qxe8 Bxe8 30. Bc2 Bd7 31. Be1 g5 32.
Bd2 Kg6 33. g4 Bd4 34. Kg2 Kf6 35. fxg5+ hxg5 36. gxf5 Bxf5 37. Bxf5 Kxf5 38. Nd1 Ne5 39. b3 Nd3 40. Ne3+ Ke4 41. Ng4 Nf4+ 42. Kg3 Ne2+ 43.
Kg2 Nf4+ 44. Kg3 Ne2+ 45. Kg2 Nf4+ 1/2-1/2

[Event "*** Titled Tuesday Blitz"]
[Site "Chess.com"]
[Date "2019.06.04"]
[Round "6"]
[White "Msb2"]
[Black "Witik"]
[Result "1-0"]
[WhiteElo "2807"]
[BlackElo "2623"]
[TimeControl "180+2"]
[EndTime "14:19:23 PDT"]
[Termination "Msb2 won on time"]

1. d4 d5 2. c4 e6 3. Nc3 Nf6 4. cxd5 exd5 5. Bg5 c6 6. e3 Bf5 7. Qf3 Bg6 8. Bxf6 Qxf6 9. Qxf6 gxf6 10. Nf3 a5 11. Nh4 Na6 12. a3 Nc7 13. Ne2 Bd6 14.
Ng3 Ne6 15. Ngf5 Bc7 16. Bd3 a4 17. Rc1 Kd7 18. g3 Rhe8 19. Kf1 Ra5 20. Kg2 Bb8 21. Rhe1 Ng5 22. f3 Ba7 23. Kf2 Ne6 24. Re2 c5 25. dxc5 Nxc5 26. Bb1 Nb3 27. Rd1 Kc7 28. Ng2 Bxf5 29. Bxf5 d4 30. Bxh7 dxe3+ 31. Nxe3 Rh5 32. Rc2+ Kb8 33. Be4 Rxh2+ 34. Kf1 Rh1+ 35. Kg2 Rxd1 36. Nxd1 f5 37. Bd5 Re1 38. Nc3 Rg1+ 39. Kh2 Nd4 40. Rd2 Rc1 41. Nxa4 f4 42. gxf4 f5 43. Nc3 Re1 44.
Kh3 Re3 45. Kh4 Nxf3+ 46. Bxf3 Rxf3 47. Nd5 1-0

[Event "*** Titled Tuesday Blitz"]
[Site "Chess.com"]
[Date "2019.06.04"]
[Round "6"]
[White "TonRicher"]
[Black "SoltaniciR"]
[Result "0-1"]
[WhiteElo "2366"]
[BlackElo "2588"]
[TimeControl "180+2"]
[EndTime "14:19:24 PDT"]
[Termination "SoltaniciR won by resignation"]

1. d4 Nf6 2. c4 Nc6 3. Nf3 e6 4. g3 Bb4+ 5. Nbd2 O-O 6. Bg2 d6 7. O-O Bxd2 8. Bxd2 a5 9. Qc2 Qe7 10. Rfd1 e5 11. dxe5 dxe5 12. Bc3 Bg4 13. Ng5 h6 14. Ne4 Nd7 15. h3 Be6 16. b3 f5 17. Nd2 e4 18.
Nf1 Nb4 19. Qb2 Nc6 20. Ne3 Rad8 21. Nd5 Bxd5 22. cxd5 Nce5 23. Bxa5 b6 24. Bc3 f4 25. Bxe4 fxg3 26. fxg3 Qg5 27. Kg2 Qe3 28. Bf3 Nxf3 29. exf3 Rxf3 30. Be1 Rdf8 31. Qd2 Qe4 32. Kh2 Rf1 33.
Qg2 R1f3 34. Rac1 Ne5 35. Rxc7 Re3 36. Bf2 Nf3+ 37. Kh1 Re2 38. Rf1 Nd2 39. Qxe4 Nxe4 40. d6 Nxf2+ 41. Kg1 Nxh3+ 0-1

[Event "*** Titled Tuesday Blitz"]
[Site "Chess.com"]
[Date "2019.06.04"]
[Round "6"]
[White "Blitzstream"]
[Black "VladDobrov"]
[Result "1-0"]
[WhiteElo "2698"]
[BlackElo "2820"]
[TimeControl "180+2"]
[EndTime "14:19:25 PDT"]
[Termination "Blitzstream won by resignation"]

1. d4 Nf6 2. Bg5 d5 3. e3 c5 4. c3 e6 5. Nf3 Be7 6. Nbd2 Nc6 7. Bd3 h6 8. Bh4 Nh5 9. Bxe7 Qxe7 10. Ne5 Nf6 11. f4 Bd7 12. Qf3 O-O-O 13. O-O-O Kb8 14. Kb1 Rc8 15. g4 Rc7 16. h4 Ne8 17. g5 h5 18. g6 Nxe5 19. fxe5 f5 20. Rdg1 cxd4 21. exd4 b5 22. Nb3 b4 23. Nc5 bxc3 24. bxc3 Ka8 25. Ka1 Rxc5 26. dxc5 Qxc5 27. Be2 Nc7 28. Rb1 Bb5 29.
Rhc1 Bxe2 30. Qxe2 f4 31. Qb2 Qc6 32. c4 d4 33.
Qxd4 f3 34. Qd6 Qe4 35. Qxc7 f2 36. c5 Qd4+ 37. Rb2 Qd5 38. c6 1-0

[Event "*** Titled Tuesday Blitz"]
[Site "Chess.com"]
[Date "2019.06.04"]
[Round "6"]
[White "Kawhi_Leonard2"]
[Black "NicoChasin"]
[Result "1-0"]
[WhiteElo "2281"]
[BlackElo "2475"]
[TimeControl "180+2"]
[EndTime "14:19:26 PDT"]
[Termination "Kawhi_Leonard2 won by resignation"]

1. e4 c5 2. Nf3 e6 3. d4 cxd4 4. Nxd4 Nc6 5. Nc3 Qc7 6. Be2 a6 7. O-O Nf6 8. Be3 d6 9. f4 Bd7 10. Kh1 b5 11. Nxc6 Bxc6 12. Bf3 b4 13. e5 bxc3 14. exf6 cxb2 15. Rb1 gxf6 16. Rxb2 Be7 17. Rb6 Bxf3 18. Qxf3 O-O 19. Rb7 Qd8 20. Qh5 Rb8 21.
Rxb8 Qxb8 22. f5 Kh8 23. Bh6 Rg8 24. Qxf7 Qb7 25. Rg1 exf5 26. c4 Qe4 27. Bc1 Rf8 28. Qd5 Qxd5 29. cxd5 Rc8 30. Bh6 Kg8 31. g3 Rc2 32.
Rb1 Rxa2 33. Rb7 Kf7 34. Bf4 Ke8 35. Rb8+ Kd7 36. Rh8 Ra5 37. Rxh7 Rxd5 38. h4 a5 39. Rh8 Ke6 40. Ra8 Kf7 41. Ra7 Ke6 42. h5 Rd1+ 43. Kg2 Re1 44. h6 Kf7 45. h7 Kg7 46. Bxd6 Kxh7 47. Rxe7+ Rxe7 48. Bxe7 Kg6 49. Kf3 Kg5 50. Ba3 a4 51. Bc1+ f4 52. gxf4+ Kf5 53. Ba3 Ke6 54. Ke4 Kf7 55. f5 Kg7 56. Kd5 Kh6 57. Ke6 Kg5 58. Be7 1-0

[Event "*** Titled Tuesday Blitz"]
[Site "Chess.com"]
[Date "2019.06.04"]
[Round "6"]
[White "chesstatour"]
[Black "Shivagami"]
[Result "0-1"]
[WhiteElo "2026"]
[BlackElo "2090"]
[TimeControl "180+2"]
[EndTime "14:19:26 PDT"]
[Termination "Shivagami won on time"]

1. c4 e5 2. Nc3 Nf6 3. Nf3 Nc6 4. d4 exd4 5. Nxd4 Bc5 6. e3 O-O 7. Be2 d6 8. O-O Re8 9. Bf3 Ne5 10. Be2 Ng6 11.
Nb3 Bb6 12. Nd5 Nxd5 13. cxd5 Bf5 14. Nd4 Be4 15. Bf3 Bxd4 16. exd4 Qf6 17. Bxe4 Rxe4 18. Be3 Nh4 19. Kh1 Nf5 20. Qd3 Rae8 21. Rad1 Qg6 22.
Qb5 Nxe3 23. fxe3 Rxe3 24. Qxb7 Re2 25. Rg1 Qc2 26. Qc6 Qxb2 27. Rb1 Qxd4 28. Qxc7 Qxd5 29. Rbf1 h6 30. Qxa7 g6 31. a4 Rd2 32. a5 Ree2 33.
Qb8+ Kg7 34. a6 Rxg2 0-1

[Event "*** Titled Tuesday Blitz"]
[Site "Chess.com"]
[Date "2019.06.04"]
[Round "6"]
[White "Bigfish1995"]
[Black "riconaipe"]
[Result "1-0"]
[WhiteElo "2954"]
[BlackElo "2581"]
[TimeControl "180+2"]
[EndTime "14:19:27 PDT"]
[Termination "Bigfish1995 won by checkmate"]

1. d4 d5 2. Nf3 Nf6 3. c4 c6 4. Nbd2 g6 5. g3 Bg7 6. Bg2 O-O 7. O-O Bg4 8. b3 Bxf3 9. Nxf3 Ne4 10. Bb2 Nd7 11.
Qc2 e6 12. e3 f5 13. Ne1 Rf7 14.
Nd3 Rc8 15. Rac1 g5 16. f3 Nd6 17. Ba3 Ne8 18. f4 Nc7 19. Bd6 Ne8 20. Bb4 Nc7 21. Ba5 Nb6 22. fxg5 Qxg5 23. Nf4 Qe7 24. Rce1 Re8 25. Bf3 Ra8 26. c5 e5 27. dxe5 Nc8 28.
Bh5 Bxe5 29. Bxf7+ Qxf7 30. Bc3 Bxc3 31. Qxc3 Ne7 32. b4 Re8 33. a4 a6 34. Qe5 Ng6 35. Qd6 Ne5 36. Qh6 Qg7 37. Qh5 Re7 38. Qxf5 Ng4 39.
Nh5 Nxe3 40. Rxe3 Qd4 41. Qf8# 1-0

[Event "*** Titled Tuesday Blitz"]
[Site "Chess.com"]
[Date "2019.06.04"]
[Round "6"]
[White "guillembaches"]
[Black "vinniethepooh"]
[Result "0-1"]
[WhiteElo "2287"]
[BlackElo "2574"]
[TimeControl "180+2"]
[EndTime "14:19:28 PDT"]
[Termination "vinniethepooh won on time"]

1. e4 c5 2. Nf3 d6 3. d4 cxd4 4. Qxd4 Nc6 5. Qe3 Nf6 6. Be2 e6 7. c4 Be7 8. Nc3 O-O 9. O-O Ng4 10. Qd2 Nge5 11. b3 Nxf3+ 12. Bxf3 f5 13. Bb2 Ne5 14. Be2 f4 15. f3 a6 16. Na4 Qe8 17. c5 Nf7 18.
Nb6 Rb8 19. cxd6 Bxd6 20. Bc4 Bc5+ 21. Kh1 Bxb6 22. Qxf4 Bd7 23. Rad1 Kh8 24. Qg3 e5 25. Bxf7 Rxf7 26. Bxe5 Rc8 27. Rd2 Be6 28. Rfd1 h6 29. h3 Kh7 30. Qh4 Bc7 31. Bb2 Bf4 32. Rd8 Rxd8 33. Rxd8 Qc6 34. Qe1 Qc2 35. Bc3 Bxh3 0-1

[Event "*** Titled Tuesday Blitz"]
[Site "Chess.com"]
[Date "2019.06.04"]
[Round "6"]
[White "DanielMieles1985"]
[Black "slowdumbb"]
[Result "1-0"]
[WhiteElo "2643"]
[BlackElo "2450"]
[TimeControl "180+2"]
[EndTime "14:19:29 PDT"]
[Termination "DanielMieles1985 won by resignation"]

1. d4 Nf6 2. c4 g6 3. Nc3 d5 4.
Nf3 Bg7 5. Qb3 dxc4 6. Qxc4 O-O 7. e4 c6 8. Be2 Nbd7 9. O-O Nb6 10. Qb3 Be6 11. Qc2 Bc4 12. Rd1 Bxe2 13. Qxe2 Qc7 14. h3 Rad8 15. Be3 Nh5 16. a4 e5 17. a5 Nc8 18.
dxe5 Bxe5 19. Nxe5 Qxe5 20. a6 b6 21. Qc4 Ne7 22.
Rd4 Nf4 23. Rad1 Rxd4 24. Qxd4 Qg5 25. g3 Nxh3+ 26. Kg2 Qg4 27. f3 Qe6 28. Qd7 Nf5 29. exf5 Qxe3 30. Kxh3 Qxf3 31. Qd3 Qh5+ 32. Kg2 Qg4 33.
Re1 h5 34. Qf3 Qb4 35. Re2 Kg7 36. f6+ Kh7 37. Ne4 Rd8 38. Ng5+ Kg8 39. Qe4 Qc5 40. Qe8+ Rxe8 41. Rxe8+ Qf8 42. Rxf8+ Kxf8 43. Kf3 Ke8 44. Ke4 Kd7 45. Ke5 1-0

[Event "*** Titled Tuesday Blitz"]
[Site "Chess.com"]
[Date "2019.06.04"]
[Round "6"]
[White "gena217"]
[Black "temus_galaktionov"]
[Result "1/2-1/2"]
[WhiteElo "2902"]
[BlackElo "2714"]
[TimeControl "180+2"]
[EndTime "14:19:31 PDT"]
[Termination "Game drawn by agreement"]

1. e4 c6 2. d4 g6 3. c4 Bg7 4.
Nc3 d6 5. Be3 Nd7 6. f4 e5 7. dxe5 dxe5 8. f5 Ngf6 9. Nf3 O-O 10. Nd2 Qa5 11. Be2 Nc5 12. O-O h6 13. a3 Na6 14. b4 Qc7 15. c5 b5 16. Qb3 Rb8 17. fxg6 Be6 18. gxf7+ Qxf7 19. Qc2 Qg6 20. Nf3 Ng4 21. Bd2 Qh5 22. h3 Nf6 23. Ng5 Qe8 24. Nxe6 Qxe6 25. Rf5 Nh7 26. Bg4 Rxf5 27. exf5 Qc4 28.
Qe4 Qd4+ 29. Qxd4 exd4 30. Ne4 Nf6 31. Nxf6+ Bxf6 32. Bf3 Re8 33. Re1 Rxe1+ 34. Bxe1 Nb8 35. Bg3 Nd7 36. Bxc6 d3 37. Kf1 Be5 38. Bxd7 Bxg3 39. Bxb5 d2 40. Ke2 Bf4 41. Bc4+ Kf8 42. b5 Ke7 43. g4 Kf6 44. c6 Ke7 45. a4 Kf6 46.
Bb3 Ke7 47. a5 Kd6 48. Kf3 Bg5 49. Ba4 Bd8 50. a6 Kc7 51. Bd1 Kb6 52. Be2 d1=Q 53. Bxd1 Kxb5 54. Be2+ Kxc6 55. Ke4 Kd6 56. Bb5 Bg5 57.
Kf3 Ke5 58. Kg3 Bf4+ 59. Kh4 Kf6 60. Kh5 Bg5 61. h4 Bf4 62. Be2 Be3 63. Bd3 Bf4 64.
Be4 Be3 65. Bb7 Bf4 66. g5+ hxg5 67. hxg5+ Bxg5 68. Kg4 Be3 69. Kf3 Bb6 70. Ke4 Bc7 71. Kd5 Kxf5 72. Kc6 Bb6 73. Kd7 Ke5 74. Kc8 1/2-1/2

[Event "*** Titled Tuesday Blitz"]
[Site "Chess.com"]
[Date "2019.06.04"]
[Round "6"]
[White "nrvisakh"]
[Black "FelixBlohberger"]
[Result "1/2-1/2"]
[WhiteElo "2745"]
[BlackElo "2624"]
[TimeControl "180+2"]
[EndTime "14:19:31 PDT"]
[Termination "Game drawn by agreement"]

1. e4 c5 2. Nf3 d6 3. d4 cxd4 4. Nxd4 Nf6 5. Nc3 a6 6. h3 e6 7. g4 Nfd7 8. g5 b5 9. a3 Bb7 10. Bg2 Nc6 11. h4 Rc8 12. h5 Nxd4 13. Qxd4 Qb6 14.
Be3 Qxd4 15. Bxd4 Be7 16. h6 Bxg5 17. hxg7 Rg8 18. Rxh7 e5 19. Be3 Bxe3 20. fxe3 Nf6 21. Rh8 Ke7 22. Rxg8 Rxg8 23. a4 Rxg7 24. Kf1 b4 25.
Nd5+ Bxd5 26. exd5 Rg8 27. Re1 Rc8 28. Re2 Rc5 29. e4 Ra5 30. b3 Rc5 31. Ke1 Rc3 32. Kd2 Nd7 33. Re3 Rxe3 34. Kxe3 Nc5 35. Bh3 a5 36. Kf3 Kd8 37. Bf5 1/2-1/2

[Event "*** Titled Tuesday Blitz"]
[Site "Chess.com"]
[Date "2019.06.04"]
[Round "6"]
[White "levallem"]
[Black "Spring199"]
[Result "0-1"]
[WhiteElo "2263"]
[BlackElo "2222"]
[TimeControl "180+2"]
[EndTime "14:19:31 PDT"]
[Termination "Spring199 won by checkmate"]

1. d4 Nf6 2. c4 e6 3. Nc3 Bb4 4. e3 d5 5. Bd3 O-O 6. Ne2 c5 7. O-O cxd4 8. exd4 dxc4 9. Bxc4 b6 10. Bg5 Bb7 11.
Rc1 Be7 12. Bd3 h6 13. Bh4 Nc6 14. Bb1 Re8 15. a3 Rc8 16. Qd3 Na5 17. Rfd1 Nc4 18.
Qc2 Nd6 19. Bxf6 Bxf6 20. Qh7+ Kf8 21. Rd3 Ke7 22. Re3 Rh8 23. Qc2 Nc4 24. Rg3 Nd6 25.
Qd1 h5 26. d5 e5 27. f4 exf4 28. Nxf4 h4 29. Re3+ Kf8 30. Qf3 Qd7 31. Kh1 Re8 32.
Rce1 Rxe3 33. Qxe3 Nc4 34. Qc1 h3 35. Be4 hxg2+ 36.
Bxg2 Qg4 37. h3 Qg3 38. b3 Bxc3 39. Rf1 Nd2 40. Ne6+ Ke7 41. Re1 fxe6 42. Rxe6+ Kd7 43. Qc2 Rxh3+ 44. Kg1 Bd4+ 45. Re3 Qxe3# 0-1

[Event "*** Titled Tuesday Blitz"]
[Site "Chess.com"]
[Date "2019.06.04"]
[Round "6"]
[White "Dr-Bassem"]
[Black "TST2014"]
[Result "1-0"]
[WhiteElo "2863"]
[BlackElo "2571"]
[TimeControl "180+2"]
[EndTime "14:19:32 PDT"]
[Termination "Dr-Bassem won by checkmate"]

1. e4 c5 2. Nf3 Nc6 3. d3 g6 4. g3 Bg7 5. Bg2 d6 6. O-O Nf6 7. c3 O-O 8. Re1 e5 9. a3 d5 10. Nbd2 d4 11. cxd4 cxd4 12. b4 a6 13. Nb3 Ne8 14. Bd2 Nd6 15. a4 Be6 16. Nc5 Bc8 17. Rc1 Qe7 18. Qb3 Kh8 19. b5 axb5 20. axb5 Na5 21.
Qb4 b6 22. Na4 Qd8 23. Nxd4 exd4 24. Bf4 Nab7 25. Rc6 Ne8 26. Nxb6 Bd7 27. Nxa8 Qxa8 28.
e5 Qa5 29. Qxa5 Nxa5 30. Ra6 Nb3 31. Rb1 Nc5 32. Ra7 Bf5 33. b6 Bxd3 34. Rc1 Ne6 35. Ra8 g5 36. b7 gxf4 37. b8=Q fxg3 38. hxg3 N8c7 39. Rxc7 Nxc7 40. Qxc7 Rxa8 41. Bxa8 h6 42. Qxf7 Be4 43. Bxe4 Bxe5 44. Qf8# 1-0

[Event "*** Titled Tuesday Blitz"]
[Site "Chess.com"]
[Date "2019.06.04"]
[Round "6"]
[White "armago"]
[Black "LarissaSteenbekkers"]
[Result "1-0"]
[WhiteElo "2083"]
[BlackElo "1972"]
[TimeControl "180+2"]
[EndTime "14:19:34 PDT"]
[Termination "armago won by resignation"]

1. d4 Nf6 2. c4 g6 3. Nc3 d5 4.
cxd5 Nxd5 5. e4 Nxc3 6. bxc3 Bg7 7. Nf3 c5 8. Be3 O-O 9. Qd2 Qa5 10. Rc1 cxd4 11.
cxd4 Qxd2+ 12. Bxd2 e6 13. Bb5 a6 14. Ba4 b5 15. Bb3 Bb7 16. e5 Nc6 17. Be3 Rac8 18. Ke2 Nb4 19. Rxc8 Rxc8 20. Rc1 Rxc1 21. Bxc1 Bd5 22. Bd2 Nxa2 23. Bxd5 exd5 24. Kd3 Bf8 25. e6 fxe6 26. Ng5 Bb4 27. Bf4 a5 28. Nxe6 a4 29. Nc7 Ba5 30. Nxb5 Nb4+ 31. Ke2 Nc6 32. Bd2 Bb6 33. Kd3 Kf7 34. Be3 Ke6 35. Kc3 Na5 36. Kb4 Nc6+ 37. Kxa4 Kf5 38. f3 g5 39. g4+ Ke6 40. Kb3 h6 41. Kc2 Na5 42. Kd3 Nc4 43.
Nc3 Bc7 44. h3 Bg3 45. Ne2 Be1 46. f4 Nxe3 47. Kxe3 gxf4+ 48. Nxf4+ Kd6 49. Ng2 Ba5 50. Nh4 Bd8 51. Nf5+ 1-0

[Event "*** Titled Tuesday Blitz"]
[Site "Chess.com"]
[Date "2019.06.04"]
[Round "6"]
[White "King_of_the_wing"]
[Black "witcher8"]
[Result "0-1"]
[WhiteElo "2198"]
[BlackElo "2379"]
[TimeControl "180+2"]
[EndTime "14:19:42 PDT"]
[Termination "witcher8 won by resignation"]

1. d4 Nf6 2. c4 g6 3. Nf3 Bg7 4. g3 O-O 5. Bg2 d6 6. O-O Nc6 7. d5 Na5 8. Qa4 c5 9. Nbd2 a6 10. e4 Bd7 11. Qc2 b5 12. e5 Ng4 13. exd6 exd6 14.
Nb3 Nxc4 15. Nfd2 Nxd2 16. Bxd2 Ne5 17. Bf4 Re8 18. Rfe1 Qf6 19. Nd2 g5 20. Ne4 Qg6 21. Bxg5 Bf5 22. Bf4 Nc4 23. Re2 Bxb2 24. Rae1 Be5 25.
Bxe5 Nxe5 26. Qb3 Kf8 27. a4 b4 28. f4 Nd7 29. Qf3 Bg4 30. Qf2 Bxe2 31. Rxe2 Rad8 32.
h3 Nf6 33. Ng5 Rxe2 34. Qxe2 Re8 35. Qxa6 h6 36. Qxd6+ Kg7 37. Qxc5 hxg5 38. Qxb4 gxf4 39. Qxf4 Nh5 40. Qd4+ Qf6 41. Qxf6+ Nxf6 42. d6 Rd8 0-1

[Event "*** Titled Tuesday Blitz"]
[Site "Chess.com"]
[Date "2019.06.04"]
[Round "6"]
[White "SARGISMV"]
[Black "Marcus_Harvey"]
[Result "1-0"]
[WhiteElo "2429"]
[BlackElo "2602"]
[TimeControl "180+2"]
[EndTime "14:19:43 PDT"]
[Termination "SARGISMV won by resignation"]

1. Nf3 Nf6 2. c4 e6 3. Nc3 d5 4. e3 c5 5. cxd5 Nxd5 6. d4 Nc6 7. Bb5 Be7 8. O-O O-O 9. e4 Nxc3 10. bxc3 cxd4 11.
cxd4 Bf6 12. Be3 Bd7 13. Rb1 a6 14. Bd3 b5 15. Qe2 Rc8 16. g3 e5 17. d5 Na5 18. h4 Bg4 19. Bd2 Nc4 20. Bb4 Be7 21.
Bxe7 Qxe7 22. Bxc4 Rxc4 23. Qe3 Bxf3 24. Qxf3 Rfc8 25.
Rfe1 Qd6 26. Re3 b4 27. Kg2 a5 28. a3 Rc3 29. axb4 axb4 30. h5 Rxe3 31. Qxe3 f5 32. exf5 Qxd5+ 33. Kh2 Rc4 34. h6 gxh6 35. Qxh6 Rg4 36. f6 Rg6 37. Qe3 Rxf6 38. Rxb4 Kg7 39. Rg4+ Kf7 40. Rh4 Kg7 41. Qa7+ Rf7 42. Qe3 Rf6 43. Qg5+ Rg6 44. Qe7+ Qf7 45. Rxh7+ 1-0

[Event "*** Titled Tuesday Blitz"]
[Site "Chess.com"]
[Date "2019.06.04"]
[Round "6"]
[White "pedro_gines"]
[Black "TristanCalistri"]
[Result "0-1"]
[WhiteElo "2378"]
[BlackElo "2268"]
[TimeControl "180+2"]
[EndTime "14:19:44 PDT"]
[Termination "TristanCalistri won on time"]

1. d4 Nf6 2. Nf3 b6 3. g3 Bb7 4. Bg2 c5 5. O-O d6 6. c4 cxd4 7. Qxd4 Nbd7 8. b3 e6 9. Bb2 Be7 10. Nc3 a6 11. Rac1 O-O 12. Rfd1 Qc7 13. Nh4 Bxg2 14.
Nxg2 Qb7 15. Ne3 Rad8 16. Ng4 Rfe8 17. Nxf6+ Nxf6 18. a4 Bf8 19. e4 Nd7 20. Qe3 Nc5 21. Ne2 Nxe4 22. Nf4 Nc5 23. Nh5 Qe4 24. Qc3 Qg6 25. Nf4 Qf5 26. h4 Rb8 27. h5 h6 28.
Kg2 b5 29. cxb5 axb5 30. a5 b4 31. Qc4 d5 32. Qe2 Nxb3 33. Rc7 Nxa5 34. Nd3 Nc4 35. Ne5 Nxe5 36. Bxe5 Rbc8 37. Rd4 Rxc7 38. Bxc7 Rc8 39. Rf4 Qg5 40. Be5 f6 41. Ba1 e5 42.
Rg4 Qf5 43. Rg6 Rc2 44. Qd1 Qxf2+ 45. Kh3 Qg2+ 46. Kg4 Qe2+ 47. Qxe2 Rxe2 48. Kf5 Kf7 49. Rg4 d4 0-1

[Event "*** Titled Tuesday Blitz"]
[Site "Chess.com"]
[Date "2019.06.04"]
[Round "6"]
[White "LuisFSiles"]
[Black "SimonKnightRivendell"]
[Result "1-0"]
[WhiteElo "2174"]
[BlackElo "2019"]
[TimeControl "180+2"]
[EndTime "14:19:44 PDT"]
[Termination "LuisFSiles won on time"]

1. e4 c6 2. d4 d5 3. exd5 cxd5 4. c4 Nf6 5. Nc3 g6 6. cxd5 Nxd5 7. Bc4 Nb6 8. Bb3 Bg7 9. Be3 O-O 10. Nf3 Bg4 11. h3 Bxf3 12. Qxf3 Nc6 13. d5 Ne5 14. Qe2 Rc8 15.
O-O Nec4 16. Bxc4 Nxc4 17. Rad1 Nxb2 18. Qxb2 Bxc3 19. Qxb7 Rc7 20. Qb3 Be5 21. Rfe1 Qb8 22. Bh6 Qxb3 23. axb3 Bg7 24. Bg5 f6 25. Bf4 Rb7 26.
Re3 Rd8 27. Rde1 Kf7 28. Rd3 Rbd7 29. Red1 e5 30. dxe6+ Kxe6 31. Re3+ Kf7 32. Rde1 Bf8 33. Kh2 Bc5 34. Rf3 Rd3 35. Be3 Bb4 36. Ra1 a5 37. Bb6 Rxf3 38. gxf3 Rb8 39. Bc7 Rb7 40. Bd8 Bc3 41.
Ra4 Rxb3 42. Bxa5 Be5+ 43. f4 Bd6 44. Kg2 f5 45. Bd2 1-0

[Event "*** Titled Tuesday Blitz"]
[Site "Chess.com"]
[Date "2019.06.04"]
[Round "6"]
[White "Keithonsky"]
[Black "IMDT02"]
[Result "1-0"]
[WhiteElo "2510"]
[BlackElo "2467"]
[TimeControl "180+2"]
[EndTime "14:19:45 PDT"]
[Termination "Keithonsky won by resignation"]

1. d4 f5 2. g3 Nf6 3. Bg2 e6 4. c4 d5 5. Nc3 c6 6. cxd5 exd5 7.
Qb3 Bd6 8. Nf3 O-O 9. O-O Qb6 10.
Rd1 Qxb3 11. axb3 Nbd7 12. Nh4 g6 13. Bh6 Re8 14. f3 Nb6 15. Bg5 Kg7 16. e4 fxe4 17.
Bxf6+ Kxf6 18. fxe4 dxe4 19. Nxe4+ Ke7 20. Re1 Bb4 21. Re2 Bg4 22. Bf3 Bxf3 23. Nxf3 Kf8 24. Rf1 Kg7 25. Nfg5 Re7 26. Ref2 h6 27. Rf7+ Kg8 28.
Nf6+ Kh8 29. Rxe7 Bxe7 30. Nf7+ Kg7 31. Ng4 h5 32. Nge5 Rf8 33. h4 Nd5 34. Rf3 a6 35. Kf2 c5 36. dxc5 Bxc5+ 37. Ke2 Re8 38. Kd2 Nf6 39. Rc3 Bd4 40. Rc7 Bxe5 41. Nxe5+ Kg8 42. Nxg6 Ne4+ 43. Kc2 Nxg3 44. Rxb7 Re6 45. Nf4 Rc6+ 46. Kd3 Kf8 47. Nd5 Rd6 48. Kc4 Ne4 49. Nf4 Nf6 50. b4 Rd2 51. Ne6+ Ke8 52. Ra7 Rd6 53. Nc7+ Kd8 54. Nxa6 Nd7 55. Nc5 Ne5+ 56. Kb5 Ng6 57. Nb7+ 1-0

[Event "*** Titled Tuesday Blitz"]
[Site "Chess.com"]
[Date "2019.06.04"]
[Round "6"]
[White "GadimbayliA"]
[Black "rasmussvane"]
[Result "0-1"]
[WhiteElo "2848"]
[BlackElo "2887"]
[TimeControl "180+2"]
[EndTime "14:19:50 PDT"]
[Termination "rasmussvane won by resignation"]

1. e4 c6 2. Nf3 d5 3. exd5 cxd5 4.
Ne5 Nf6 5. d4 g6 6. c3 Bg7 7.
Nd2 O-O 8. Bd3 Nc6 9. f4 Bf5 10. Qf3 Bxd3 11. Qxd3 e6 12. O-O Qc7 13. b3 a6 14. Bb2 b5 15. Rac1 Qb7 16. Ba1 Rac8 17. h3 Ne7 18. g4 Ne4 19. Rfe1 Nxd2 20. Qxd2 Rc7 21. Bb2 Rfc8 22. Nd3 Qa7 23. Kh2 a5 24. a3 Nc6 25. Nc5 Qb6 26. Rc2 b4 27. axb4 axb4 28. Rec1 bxc3 29. Bxc3 Qb5 30. Ba1 Nb4 31. Rc3 Ra8 32.
Na4 Rxc3 33. Bxc3 Nc6 34. Qd1 Qb8 35. Kg3 g5 36. Qf3 Bxd4 37. Rd1 Bxc3 38. Nxc3 Qxb3 39. fxg5 Ra3 40. Rd3 Ne5 41. Qf6 Qb8 42. Qf4 d4 43. Rxd4 Rxc3+ 44. Kh4 Ng6+ 0-1

[Event "*** Titled Tuesday Blitz"]
[Site "Chess.com"]
[Date "2019.06.04"]
[Round "6"]
[White "Fighter008"]
[Black "attack2mateU"]
[Result "1-0"]
[WhiteElo "2652"]
[BlackElo "2695"]
[TimeControl "180+2"]
[EndTime "14:19:50 PDT"]
[Termination "Fighter008 won by resignation"]

1. e4 c5 2. Nf3 d6 3. d4 cxd4 4. Nxd4 Nf6 5. Nc3 a6 6. Be3 e5 7. Nb3 Be6 8. Qd2 Nbd7 9. O-O-O Be7 10. f4 b5 11. f5 Bc4 12. g4 Nxg4 13. Rg1 Nxe3 14.
Qxe3 Qb6 15. Qg3 Nf6 16. Bxc4 bxc4 17. Nd2 Qc6 18. Qxg7 Rg8 19. Qh6 O-O-O 20. Qe3 Rxg1 21. Qxg1 d5 22. exd5 Nxd5 23. Nde4 Nxc3 24. Nxc3 Rxd1+ 25. Qxd1 Bg5+ 26. Kb1 Qd7 27. Qf3 Qd2 28. a3 Qc1+ 29.
Ka2 Qxc2 30. Qc6+ Kd8 31. Qxc4 Qxf5 32. Qxa6 Ke7 33. Qb7+ Kf8 34. a4 Bd2 35. Ne4 Qe6+ 36. b3 Be3 37. a5 f5 38. Nc3 Qd6 39. Nd5 Qc5 40. Nxe3 Qxa5+ 41. Kb2 Qd2+ 42. Nc2 Qf4 43. Qc8+ Kg7 44. Qc7+ Kg6 45. b4 Qe4 46. b5 Kg5 47. b6 Qd5 48. b7 Qb5+ 49. Kc3 1-0